 Dungeon Crawl Stone Soup version 0.28-a0-1117-g0bdd5ba030 (webtiles) character file.

Game seed: 12485350977411363886

16 spaghetti the Ruffian (level 2, 0/24 HPs)
             Began as a Mummy Berserker on Dec 12, 2021.
             Was a Follower of Trog.
             Slain by a rat (3 damage)
             ... on level 1 of the Dungeon.
             The game lasted 00:01:53 (674 turns).

spaghetti the Ruffian (Mummy Berserker)              Turns: 674, Time: 00:01:53

Health: 0/24       AC:  2    Str: 20    XL:     2   Next: 41%
Magic:  2/2        EV: 12    Int:  6    God:    Trog [*.....]
Gold:   0          SH:  0    Dex: 11    Spells: 1/1 levels left

rFire   x . .      SeeInvis .     - Unarmed
rCold   + . .      Faith    .   (no shield)
rNeg    + + +      Spirit   .   a - +0 animal skin
rPois   ∞          Reflect  .   (no helmet)
rElec   .          Harm     .   (no cloak)
rCorr   .          Rampage  .   (no gloves)
Will    .....                   (no boots)
Stlth   +.........              (no amulet)
HPRegen 0.08/turn               (no ring)
MPRegen 0.08/turn               (no ring)

@: no status effects
A: cold resistance 1, negative energy resistance 3, torment resistance 2, heat
vulnerability 1, no potions
a: Renounce Religion


You were on level 1 of the Dungeon.
You worshipped Trog.
Trog was aware of your devotion.
You visited 1 branch of the dungeon, and saw 2 of its levels.


Innate Abilities, Weirdness & Mutations

You are immune to poison.
Your flesh is cold resistant. (rC+)
You are immune to negative energy. (rN+++)
You are immune to unholy pain and torment.
You are vulnerable to heat. (rF-)
You do not drink.


   Skills:
 - Level 3.0 Fighting
 - Level 1.5 Armour
 - Level 1.5 Dodging
 + Level 3.1 Unarmed Combat


You had one spell level left.
You didn't know any spells.
Your spell library was empty.

Inventory:

Hand Weapons
 b - a +1 club {mace}
   (You took it off a goblin on level 1 of the Dungeon)
 c - a +0 dagger {short}
   (You took it off a kobold on level 1 of the Dungeon)
 d - a +0 dagger {short}
   (You took it off a kobold on level 1 of the Dungeon)
 e - a +0 hand axe {axe}
   (You found it on level 1 of the Dungeon)
 f - a +0 dagger {short}
   (You found it on level 1 of the Dungeon)
Missiles
 j - 25 stones (quivered) {throwing}
Armour
 a - a +0 animal skin (worn)
 g - a +0 plate armour
   (You found it on level 1 of the Dungeon)
Scrolls
 i - a scroll of torment {unknown}

Dungeon Overview and Level Annotations

Branches:
Dungeon (2/15)

Altars:

#.......#...##..............
...........................
#.###...##...............[.
. #.########K.........####
#. ##r#........#... ..
#...........#.8. #.#
#.#........## #.
#####.#^.......##
###.r@KK#.#.......#
#...####..#.....[.#. ≈
##.### #..##.......#.#≈
###..# #.###......##.##
#...## #.# ##.######...
###.### #.####.#######.#
##...# #.#.......#.....
##..### #...............
##..## #...............


You could see 2 kobolds and a rat.


Message History

No target in view!
No target in view!
No target in view!
No target in view!
No target in view!
No target in view!
No target in view!
No target in view!
No target in view!
No target in view!
No target in view!
A goblin comes into view. It is wielding a +0 dagger. 😎 HP[+1]
Your hp is fully restored (24).
A goblin is nearby!
A bat and a giant cockroach come into view.
A kobold comes into view.
It is wielding a +6 short sword of venom.
The goblin shouts!
The kobold shouts!
The giant cockroach bites you but does no damage.
The goblin hits you with a +0 dagger. 😕 HP[-4]
You take 4 damage, and now have 20/24 hp.
You punch the goblin!
You kill the goblin!
Trog accepts your kill. The giant cockroach misses you.
The bat hits you but does no damage. The kobold misses you.
You hit the bat but do no damage. Your punch misses the bat.
The bat hits you but does no damage.
The giant cockroach completely misses you.
A kobold comes into view. It is wielding a +0 dagger.
The giant cockroach barely misses you.
You closely miss the bat.
The kobold shouts!
The bat hits you but does no damage.
The kobold hits you with a +6 short sword of venom!
* * * LOW HITPOINT WARNING * * *
The bat hits you but does no damage. The giant cockroach bites you.
* * * LOW HITPOINT WARNING * * *
You are too injured to fight recklessly!
You are too injured to fight recklessly!
You are too injured to fight recklessly! 😨 HP[-11]
You take 11 damage, and now have 9/24 hp.
MASSIVE DAMAGE!! (PAUSE)
The bat hits you but does no damage. The kobold barely misses you.
The bat completely misses you. 😨 HP[+1]
The bat barely misses you.
You aren't carrying any items that you can evoke.
You can't drink.
As you read the scroll labelled NAOGUR TOE, it crumbles to dust.
It is a scroll of enchant weapon.
Your +0 club {mace} glows red for a moment.
The bat closely misses you.
You hit the bat. The bat misses you. The bat closely misses you.
You can't drink.
A rat comes into view.
The kobold throws a stone.
The stone hits you but does no damage. The bat barely misses you.
The bat hits you but does no damage.
The giant cockroach waves its antennae.
You hit the bat.
You kill the bat!
Trog accepts your kill. The giant cockroach closely misses you.
The giant cockroach barely misses you. 😨 HP[+1]
The giant cockroach barely misses you.
There is a stone staircase leading down here.
The giant cockroach closely misses you.
You climb downwards.
There is a stone staircase leading up here.
Unknown command.
You barely miss the giant cockroach. The giant cockroach bites you.
* * * LOW HITPOINT WARNING * * *
😨 HP[-1]
You take 1 damage, and now have 10/24 hp.
You closely miss the giant cockroach. The giant cockroach closely misses you.
You hit the giant cockroach.
You kill the giant cockroach!
Trog accepts your kill.
You start resting. 😎 HP[+14]
Your hp is fully restored (24).
There is a stone staircase leading up here.
You climb upwards.
The rat barely misses you.
The kobold hits you with a +6 short sword of venom!
There is a stone staircase leading down here. 😮 HP[-9]
You take 9 damage, and now have 15/24 hp.
MASSIVE DAMAGE!! (PAUSE)
You barely miss the rat. The rat bites you. 😮 HP[-2]
You take 2 damage, and now have 13/24 hp.
You closely miss the rat.
The kobold hits you with a +6 short sword of venom!
* * * LOW HITPOINT WARNING * * *
The rat bites you.
You die...

Skill      XL: |  1  2 |
---------------+-------+-----
Unarmed Combat | 3 |  3.1
Fighting       | |  3.0
Armour         | |  1.5
Dodging        | |  1.5

Action                   || total
-------------------------++-------
Melee: Unarmed           ||    52
  Use: Scroll            ||     1
Armor: Animal skin       ||    18
Dodge: Dodged            ||    53

Levels and vault maps discovered:
D:1:      arrival_aquarium_b, layout_rooms, serial_shops,
          nicolae_shop_temple_entry_statues_fountains
D:2:      layout_loops_ring, shapermc_ecumenical_altar_mp_urbaneastern

Notes
Turn   | Place    | Note
-------+----------+-------------------------------------------
     0 | D:1      | spaghetti the Mummy Berserker began the quest for the Orb.
     0 | D:1      | Reached XP level 1. HP: 18/18 MP: 1/1
     0 | D:1      | magus.rc [v1.9.6]
     3 | D:1      | Noticed an electric eel
     4 | D:1      | Noticed an electric eel
   319 | D:1      | Reached XP level 2. HP: 24/24 MP: 2/2
   328 | D:1      | Reached skill level 3 in Unarmed Combat
   674 | D:1      | HP: 3/24 [kobold (10)]
   674 | D:1      | Slain by a rat

Vanquished Creatures
  A ball python (D:1)
  2 bats (D:1)
  2 endoplasms (D:1)
  2 giant cockroaches
  2 goblins (D:1)
  A hobgoblin (D:1)
  A frilled lizard (D:1)
  2 kobolds (D:1)
13 creatures vanquished.

Table legend:
 A = Non-vault XP
 B = Vault XP
 C = Vault XP percentage of total XP
 D = Non-vault monster count
 E = Vault monster count
 F = Vault count percentage of total count
                 A         B        C        D         E       F
            +---------+---------+-------+---------+---------+-------
      Total |      24 |       0 |   0.0 |      13 |       0 |   0.0
            +---------+---------+-------+---------+---------+-------
        D:1 |      22 |       0 |   0.0 |      12 |       0 |   0.0
        D:2 |       2 |       0 |   0.0 |       1 |       0 |   0.0
            +---------+---------+-------+---------+---------+-------

Illustrated notes

Table legend:
 A = Kills in this place as a percentage of kills in entire the game.
 B = Kills by you in this place as a percentage of kills by you in the entire game.
 C = Kills by friends in this place as a percentage of kills by friends in the entire game.
 D = Other kills in this place as a percentage of other kills in the entire game.
 E = Experience gained in this place as a percentage of experience gained in the entire game.
 F = Experience gained in this place divided by the number of levels of this place that you have seen.
                   A       B       C       D       E      F
               +-------+-------+-------+-------+-------+----------------------
         Total | 100.0 | 100.0 |   N/A |   N/A | 100.0 |  12.0
       Dungeon | 100.0 | 100.0 |   N/A |   N/A | 100.0 |  12.0
               +-------+-------+-------+-------+-------+----------------------

Table legend: (Time is in decaauts)
 A = Elapsed time spent in this place.
 B = Non-inter-level travel time spent in this place.
 C = Inter-level travel time spent in this place.
 D = Time resting spent in this place.
 E = Time spent auto-exploring this place.
 F = Levels seen in this place.
 G = Mean time per level.
                   A        B        C        D        E       F      G
               +--------+--------+--------+--------+--------+-----+--------+
         Total |    670 |    670 |      0 |    322 |    195 |   2 |  335.0 |
       Dungeon |    670 |    670 |      0 |    322 |    195 |   2 |  335.0 |
               +--------+--------+--------+--------+--------+-----+--------+

Top non-repeatable levels by time:
     D:1: 500 daAuts
     D:2: 170 daAuts
